 Dungeon Sprint DCSS version 0.21.1-1-g345015f (webtiles) character file.

3539 wilfster70 the Nimble (level 10, -1/83 HPs)
             Began as a Gnoll Wanderer on May 24, 2018.
             Was the Champion of Cheibriados.
             Slain by a slime creature (5 damage)
             ... while paralysed by a floating eye
             ... in the Dungeon (Sprint V: "Ziggurat Sprint").
             The game lasted 00:08:06 (495 turns).

wilfster70 the Nimble (Gnoll Wanderer)               Turns: 495, Time: 00:08:06

Health: -1/83      AC: 25    Str: 45    XL:     10   Next: 8%
Magic:  22/22      EV:  2    Int: 28    God:    Cheibriados [******]
Gold:   0          SH:  0    Dex: 31    Spells: 17/25 levels left

rFire    + + .     SeeInvis .   I - +8 lance "Wyrmbane" {slay drac, rPois rF+ rC+ AC+3}
rCold    + + .     Gourm    .   o - +3 shield
rNeg     . . .     Faith    .   G - +5 gold dragon scales
rPois    +         Spirit   .   (no helmet)
rElec    .         Reflect  .   (no cloak)
rCorr    .         Harm     .   (no gloves)
MR       .....     NoTele   +   (no boots)
Stlth    ..........             M - amulet "His Anamoo" {Regen+ Slay+4}
HPRegen  0.63/turn              B - +6 ring of strength
MPRegen  0.18/turn              C - +6 ring of strength

@: confused, paralysed, very slow
A: distributed training, fangs 1, strong nose
a: Bend Time, Temporal Distortion, Slouch, Step From Time, Renounce Religion


You were in the Dungeon.
You worshipped Cheibriados.
Cheibriados was exalted by your worship.
You were not hungry.

You visited 1 branch

Inventory:

Hand Weapons
 H - the cursed +14 obsidian axe {chop, +Fly SInv *Curse}
   (You found it in the Dungeon)

   It inflicts extra damage upon your enemies.
   It lets you see invisible.
   It lets you fly.
   It curses itself when equipped.
   It has a curse placed upon it.
 I - the +8 lance "Wyrmbane" (weapon) {slay drac, rPois rF+ rC+ AC+3}
   (You found it in the Dungeon)

   It affects your AC (+3).
   It protects you from fire.
   It protects you from cold.
   It protects you from poison.
Armour
 o - a +3 shield (worn)
 G - +5 gold dragon scales (worn)
Jewellery
 x - a +6 ring of dexterity
 y - a +6 ring of dexterity
 z - a +6 ring of intelligence
 A - a +6 ring of intelligence
 B - a +6 ring of strength (left hand)
 C - a +6 ring of strength (right hand)
 M - the amulet "His Anamoo" (around neck) {Regen+ Slay+4}
   (You found it in the Dungeon)

   [amulet of regeneration]

   It affects your accuracy and damage with ranged weapons and melee attacks
   (+4).
   It increases your rate of regeneration.
Wands
 D - a wand of disintegration (7)
 E - a wand of iceblast (7)
 F - a wand of acid (7)
Scrolls
 k - 4 scrolls of blinking
 r - 4 scrolls of amnesia
 s - 7 scrolls of fog
 t - a scroll of holy word
 u - 5 scrolls of identify
 v - 5 scrolls of remove curse
 w - 2 scrolls of fear
 K - a scroll of brand weapon
Potions
 e - 9 potions of curing
 g - 7 potions of heal wounds
 h - 6 potions of haste
 i - 7 potions of magic
 j - 3 potions of berserk rage
 l - 2 potions of brilliance
 m - 2 potions of invisibility
 n - 4 potions of resistance
 p - 5 potions of agility
 q - 5 potions of might
Books
 J - a Young Poisoner's Handbook

   Spells                             Type                      Level
   a - Sting                          Conjuration/Poison           1
   b - Poisonous Vapours              Poison/Air                   2
   c - Mephitic Cloud                 Conjuration/Poison/Air       3
   d - Olgreb's Toxic Radiance        Poison                       4
   e - Venom Bolt                     Conjuration/Poison           5
 L - a book of Flames

   Spells                             Type                      Level
   a - Flame Tongue                   Conjuration/Fire             1
   b - Throw Flame                    Conjuration/Fire             2
   c - Conjure Flame                  Conjuration/Fire             3
   d - Inner Flame                    Hexes/Fire                   3
   e - Sticky Flame                   Conjuration/Fire             4
   f - Fireball                       Conjuration/Fire             5
Comestibles
 a - 5 chunks of flesh
 f - 7 rations


   Skills:
 + Level 9.5 Fighting
 + Level 8.3 Short Blades
 + Level 8.3 Long Blades
 + Level 8.8 Axes
 + Level 8.3 Maces & Flails
 + Level 8.3 Polearms
 + Level 8.8 Staves
 + Level 8.3 Slings
 + Level 8.3 Bows
 + Level 8.3 Crossbows
 + Level 8.3 Throwing
 + Level 9.5 Armour
 + Level 9.5 Dodging
 + Level 8.3 Stealth
 + Level 8.8 Shields
 + Level 8.3 Unarmed Combat
 + Level 8.3 Spellcasting
 + Level 6.9 Conjurations
 + Level 6.9 Hexes
 + Level 6.9 Charms
 + Level 6.9 Summonings
 + Level 6.9 Necromancy
 + Level 6.9 Translocations
 + Level 6.9 Transmutations
 + Level 6.9 Fire Magic
 + Level 6.9 Ice Magic
 + Level 6.9 Air Magic
 + Level 6.9 Earth Magic
 + Level 6.9 Poison Magic
 + Level 9.1 Invocations
 + Level 8.8 Evocations


You had 17 spell levels left.
You knew the following spells:

 Your Spells              Type           Power        Failure   Level  Hunger
a - Mephitic Cloud        Conj/Pois/Air  ######..     17%         3    None
b - Fireball              Conj/Fire      ######....   83%         5    ####...


Dungeon Overview and Level Annotations

Branches:
Dungeon (1/1)

Altars:
Ashenzari
Cheibriados
Dithmenos
Elyvilon
Fedhas
Gozag
Hepliaklqana
Kikubaaqudgha
Makhleb
Nemelex Xobeh
Okawaru
Qazlal
Ru
Sif Muna
Trog
Uskayaw
Vehumet
Wu Jian
Xom
Yredelemnul
Zin
The Shining One
Beogh
Jiyva
Lugonu


Innate Abilities, Weirdness & Mutations

Your experience applies equally to all skills.
You have very sharp teeth.
Your uncanny sense of smell can sniff out nearby items.


Message History

The golden eye blinks!
The floating eye gazes piercingly through you!
You suddenly lose the ability to move!
The golden eye blinks at you.
You are more confused.
The slime creature hits you!
* * * LOW HITPOINT WARNING * * *
The slime creature hits you but does no damage.
The floating eye seems to glare at you. The eye of devastation gazes at you.
The bolt of energy hits you!
* * * LOW HITPOINT WARNING * * *
The golden eye blinks at you. You resist with some effort.
The slime creature hits you but does no damage.
The slime creature hits you.
* * * LOW HITPOINT WARNING * * *
The slime creature hits you but does no damage.
The slime creature hits you.
You die...

∆∆
▓..))=..▓
∆
▓..))|..▓
▓.......▓
▓.......▓
▓.......▓
▓.....§.▓
▓....GGJ▓
▓...GJ@.▓
▓▓▓▓▓▓▓▓▓
∆∆∆∆∆
∆∆∆∆


You could see 2 slime creatures, an eye of devastation, a floating eye and a
golden eye.

Vanquished Creatures
  A deep elf knight (D)
  4 deep elf magi (D)
  A jumping spider (D)
  A hippogriff (D)
  A tarantella (D)
  A spriggan (D)
  A floating eye (D)
  2 porcupines (D)
  A necrophage (D)
  A wolf (D)
  A bullfrog (D)
  2 scorpions (D)
  3 orc wizards (D)
  A river rat (D)
  2 bat skeletons (D)
  A jackal (D)
  A giant cockroach zombie (D)
25 creatures vanquished.

Notes
Turn   | Place    | Note
-------+----------+-------------------------------------------
     0 | D        | Found the +6 Majin-Bo {vamp, Archmagi MP+6 Int+6}
     0 | D        | Found the +7 great mace "Firestarter" {inner flame, rF++}
     0 | D        | wilfster70 the Gnoll Wanderer began the quest for the Orb.
     0 | D        | wilfster70 set off with: a +2 scale mail, a +0 hand crossbow, 25 bolts, a +0 quarterstaff, a potion of curing, a ration, a potion of heal wounds, a potion of haste, 2 potions of magic, a potion of berserk rage, a scroll of blinking
     0 | D        | Reached XP level 1. HP: 20/20 MP: 2/2
     0 | D        | Found a deep blue altar of Sif Muna.
     0 | D        | Found a sacrificial altar of Ru.
     0 | D        | Found a bloodstained altar of Trog.
     0 | D        | Found a stormy altar of Qazlal.
     0 | D        | Found an iron altar of Okawaru.
     0 | D        | Found a sparkling altar of Nemelex Xobeh.
     0 | D        | Found a blossoming altar of Fedhas.
     2 | D        | Found a transporter.
     2 | D        | Found an ancient bone altar of Kikubaaqudgha.
     2 | D        | Found a viscous altar of Jiyva.
     2 | D        | Found a corrupted altar of Lugonu.
     2 | D        | Found a hazy altar of Hepliaklqana.
     2 | D        | Found a burning altar of Makhleb.
     2 | D        | Found an opulent altar of Gozag.
    21 | D        | Found the +9 heavy crossbow "Sniper" {velocity, Acc+∞ SInv}
    21 | D        | Found the +10 dark maul {crush}
    21 | D        | Found the +15 Maxwell's patent armour {-Cast -Tele rElec MR+ rCorr}
    21 | D        | Found the +18 shield of the Gong {rElec rN+ MR+ EV-5}
    21 | D        | Found the cursed +14 obsidian axe {chop, +Fly SInv *Curse}
    22 | D        | Found the +6 shillelagh "Devastator" {shatter}
    22 | D        | Found the +11 plutonium sword {*Contam Stlth-}
    22 | D        | Found the +8 lance "Wyrmbane" {slay drac, rPois rF+ rC+ AC+3}
    22 | D        | Found the +9 sword of Zonguldrok {reap}
    22 | D        | Found the cursed +13 scythe of Curses {drain, *Curse}
    22 | D        | Found the +0 sword of Power
    22 | D        | Found the +5 mace of Variability {chaos}
    22 | D        | Found the +7 Singing Sword
    22 | D        | Found the +7 longbow "Piercer" {penet, EV-2}
    25 | D        | Reached skill level 5 in Fighting
    25 | D        | Reached skill level 5 in Armour
    25 | D        | Reached skill level 5 in Dodging
    25 | D        | Reached skill level 1 in Conjurations
    25 | D        | Reached skill level 1 in Hexes
    25 | D        | Reached skill level 1 in Charms
    25 | D        | Reached skill level 1 in Summonings
    25 | D        | Reached skill level 1 in Necromancy
    25 | D        | Reached skill level 1 in Translocations
    25 | D        | Reached skill level 1 in Transmutations
    25 | D        | Reached skill level 1 in Fire Magic
    25 | D        | Reached skill level 1 in Ice Magic
    25 | D        | Reached skill level 1 in Air Magic
    25 | D        | Reached skill level 1 in Earth Magic
    25 | D        | Reached skill level 1 in Poison Magic
    25 | D        | Reached XP level 2. HP: 27/27 MP: 3/5
    48 | D        | Became a worshipper of Cheibriados the Contemplative
    92 | D        | Entered arena 2.
    92 | D        | Noticed a spriggan
    92 | D        | Noticed a wolf
    92 | D        | Found a transporter.
    95 | D        | Killed a wolf
    95 | D        | Reached XP level 3. HP: 34/34 MP: 5/7
    95 | D        | Reached XP level 4. HP: 40/40 MP: 5/8
   106 | D        | Killed a spriggan
   106 | D        | Reached * piety under Cheibriados
   106 | D        | Reached skill level 5 in Axes
   106 | D        | Reached skill level 5 in Staves
   106 | D        | Reached skill level 5 in Shields
   106 | D        | Reached skill level 5 in Evocations
   106 | D        | Reached XP level 5. HP: 42/47 MP: 6/11
   106 | D        | Reached XP level 6. HP: 47/53 MP: 6/12
   116 | D        | Entered arena 3.
   116 | D        | Found a transporter.
   124 | D        | Reached ** piety under Cheibriados
   124 | D        | Reached skill level 5 in Invocations
   136 | D        | Learned a level 3 spell: Mephitic Cloud
   154 | D        | Entered arena 4.
   154 | D        | Noticed a necrophage
   154 | D        | Found a transporter.
   162 | D        | Killed a necrophage
   162 | D        | Reached *** piety under Cheibriados
   162 | D        | Reached skill level 5 in Short Blades
   162 | D        | Reached skill level 5 in Long Blades
   162 | D        | Reached skill level 5 in Maces & Flails
   162 | D        | Reached skill level 5 in Polearms
   162 | D        | Reached skill level 5 in Slings
   162 | D        | Reached skill level 5 in Bows
   162 | D        | Reached skill level 5 in Crossbows
   162 | D        | Reached skill level 5 in Throwing
   162 | D        | Reached skill level 5 in Stealth
   162 | D        | Reached skill level 5 in Unarmed Combat
   162 | D        | Reached skill level 5 in Spellcasting
   184 | D        | Entered arena 5.
   184 | D        | Noticed a tarantella
   184 | D        | Noticed a jumping spider
   184 | D        | Found a transporter.
   194 | D        | Killed a tarantella
   194 | D        | Reached **** piety under Cheibriados
   194 | D        | Reached XP level 7. HP: 43/60 MP: 13/15
   213 | D        | Killed a jumping spider
   213 | D        | Reached ***** piety under Cheibriados
   213 | D        | Reached skill level 5 in Conjurations
   213 | D        | Reached skill level 5 in Hexes
   213 | D        | Reached skill level 5 in Charms
   213 | D        | Reached skill level 5 in Summonings
   213 | D        | Reached skill level 5 in Necromancy
   213 | D        | Reached skill level 5 in Translocations
   213 | D        | Reached skill level 5 in Transmutations
   213 | D        | Reached skill level 5 in Fire Magic
   213 | D        | Reached skill level 5 in Ice Magic
   213 | D        | Reached skill level 5 in Air Magic
   213 | D        | Reached skill level 5 in Earth Magic
   213 | D        | Reached skill level 5 in Poison Magic
   213 | D        | Reached XP level 8. HP: 41/68 MP: 15/17
   215 | D        | Got the amulet "His Anamoo" {Regen+ Slay+4}
   340 | D        | Entered arena 6.
   340 | D        | Noticed a deep elf knight
   340 | D        | Noticed a deep elf mage
   340 | D        | Noticed a deep elf mage
   340 | D        | Noticed a deep elf mage
   340 | D        | Noticed a deep elf mage
   340 | D        | Found a transporter.
   342 | D        | Killed a deep elf mage
   342 | D        | Killed a deep elf mage
   343 | D        | Killed a deep elf mage
   343 | D        | Reached XP level 9. HP: 75/75 MP: 7/20
   346 | D        | Killed a deep elf knight
   348 | D        | Killed a deep elf mage
   427 | D        | Got the ring "Peobips" {rElec rN+}
   433 | D        | Entered arena 7.
   434 | D        | Reached ****** piety under Cheibriados
   434 | D        | Reached XP level 10. HP: 83/83 MP: 22/22
   435 | D        | Found a transporter.
   453 | D        | Learned a level 5 spell: Fireball
   454 | D        | Entered arena 8.
   454 | D        | Noticed an eye of devastation
   455 | D        | Paralysed by a floating eye for 4 turns
   460 | D        | Paralysed by a floating eye for 3 turns
   464 | D        | Paralysed by a floating eye for 4 turns
   474 | D        | Paralysed by a floating eye for 2 turns
   478 | D        | Paralysed by a floating eye for 4 turns
   485 | D        | Paralysed by a floating eye for 3 turns
   488 | D        | HP: 3/83 [slime creature (3)]
   492 | D        | Paralysed by a floating eye for 3 turns
   494 | D        | HP: 4/83 [slime creature (2)]
   495 | D        | Slain by a slime creature

Skill      XL: |  1  2  3  4  5  6  7  8  9 |
---------------+----------------------------+-----
Fighting       | 5 6 7 8 9 |  9.5
Short Blades   | 2 3 4 5 6 7 8 |  8.3
Long Blades    | 2 3 4 5 6 7 8 |  8.3
Axes           | 3 4 5 6 7 8 |  8.8
Maces & Flails | 2 3 4 5 6 7 8 |  8.3
Polearms       | 2 3 4 5 6 7 8 |  8.3
Staves         | 3 4 5 6 7 8 |  8.8
Slings         | 2 3 4 5 6 7 8 |  8.3
Bows           | 2 3 4 5 6 7 8 |  8.3
Crossbows      | 2 3 4 5 6 7 8 |  8.3
Throwing       | 2 3 4 5 6 7 8 |  8.3
Armour         | 5 6 7 8 9 |  9.5
Dodging        | 5 6 7 8 9 |  9.5
Stealth        | 2 3 4 5 6 7 8 |  8.3
Shields        | 3 4 5 6 7 8 |  8.8
Unarmed Combat | 2 3 4 5 6 7 8 |  8.3
Spellcasting   | 2 3 4 5 6 7 8 |  8.3
Conjurations   | 1 2 3 4 5 6 |  6.9
Hexes          | 1 2 3 4 5 6 |  6.9
Charms         | 1 2 3 4 5 6 |  6.9
Summonings     | 1 2 3 4 5 6 |  6.9
Necromancy     | 1 2 3 4 5 6 |  6.9
Translocations | 1 2 3 4 5 6 |  6.9
Transmutations | 1 2 3 4 5 6 |  6.9
Fire Magic     | 1 2 3 4 5 6 |  6.9
Ice Magic      | 1 2 3 4 5 6 |  6.9
Air Magic      | 1 2 3 4 5 6 |  6.9
Earth Magic    | 1 2 3 4 5 6 |  6.9
Poison Magic   | 1 2 3 4 5 6 |  6.9
Invocations    | 2 3 4 6 8 9 |  9.1
Evocations     | 3 4 5 6 7 8 |  8.8

Action                   |  1- 3 |  4- 6 |  7- 9 | 10-12 || total
-------------------------+-------+-------+-------+-------++-------
Melee: Lance             |     3 |    34 |    18 |    11 ||    66
       Bite              |       |     4 |     6 |     4 ||    14
Invok: Slouch            |       |       |     2 |     1 ||     3
  Use: Potion            |     1 |       |       |     4 ||     5
Armor: Gold dragon scale |     2 |    28 |     6 |    19 ||    55
Dodge: Dodged            |       |    19 |    11 |    10 ||    40
Block: Shield            |     3 |    52 |    27 |       ||    82
